 Dungeon Crawl Stone Soup version 0.24-a0-365-ga4d96b6e6e (webtiles) character file.

Game seed: 13894532052899030668

99 vurker the Chopper (level 4, -6/41 HPs)
             Began as a Hill Orc Fighter on May 27, 2019.
             Killed by nerve-wracking pain
             ... invoked by Grinder
              (9 damage)
             ... while paralysed by Grinder
             ... on level 3 of the Dungeon.
             The game lasted 00:03:29 (1608 turns).

vurker the Chopper (Hill Orc Fighter)               Turns: 1608, Time: 00:03:30

Health: -6/41      AC:  8    Str: 19    XL:     4   Next: 72%
Magic:  4/4        EV:  2    Int:  8    God:
Gold:   162        SH:  0    Dex: 10    Spells: 3/3 levels left

rFire    . . .     SeeInvis .   a - +0 war axe
rCold    . . .     Gourm    .   c - +0 shield
rNeg     . . .     Faith    .   b - +0 scale mail
rPois    .         Spirit   .   (no helmet)
rElec    .         Reflect  .   (no cloak)
rCorr    .         Harm     .   j - +0 pair of gloves
MR       .....                  (no boots)
Stlth    ..........             k - amulet of the acrobat
HPRegen  0.13/turn              (no ring)
MPRegen  0.09/turn              (no ring)

@: paralysed
A: no striking features
a: no special abilities


You were on level 3 of the Dungeon.
You were hungry.

You visited 1 branch of the dungeon, and saw 3 of its levels.

You collected 162 gold pieces.

Inventory:

Hand Weapons
 a - a +0 war axe (weapon)
Armour
 b - a +0 scale mail (worn)
 c - a +0 shield (worn)
 j - a +0 pair of gloves (worn)
   (You found it on level 1 of the Dungeon)
Jewellery
 k - an amulet of the acrobat (around neck)
   (You found it on level 1 of the Dungeon)
Scrolls
 h - 3 scrolls of identify {unknown}
 l - a scroll of magic mapping {unknown}
 n - a scroll of amnesia {unknown}
 p - a scroll of remove curse {unknown}
Potions
 d - a potion of might
 f - a potion of haste {unknown}
 i - a potion of agility {unknown}
 m - a potion of brilliance {unknown}
 o - a potion of resistance {unknown}
Comestibles
 e - 5 rations {!d}
 g - 4 chunks of flesh


   Skills:
 + Level 4.4 Fighting
 * Level 4.9 Axes
 + Level 4.0 Armour
 - Level 3.2 Shields


You had 3 spell levels left.
You didn't know any spells.
Your spell library was empty.

Dungeon Overview and Level Annotations

Branches:
Dungeon (3/15)

Altars:

Annotations:
D:3 Grinder


Message History

You slash the orc!
You kill the orc!
Grinder blinks!
There is a stone staircase leading up here.
Grinder gestures at you.
You suddenly lose the ability to move!
Grinder gestures at you.
You shrug off the repeated paralysis!
You can move again.
Items here: )) = ÷ a +0 club; an uncursed ring of magical power; a cursed -3 club; an orc skeleton Grinder blinks!
You block Grinder's attack.
You completely miss Grinder. You block Grinder's attack.
Grinder hits you but does no damage.
You closely miss Grinder. You block Grinder's attack.
You closely miss Grinder. Grinder hits you but does no damage.
You hit Grinder but do no damage.
You are feeling hungry.
Grinder blinks! x2
Grinder barely misses you.
You closely miss Grinder. Grinder gestures at you.
Pain shoots through your body!
You hit Grinder. Grinder hits you.
You slash Grinder! Grinder hits you but does no damage.
Your shield and scale mail prevent you from hitting Grinder.
Grinder hits you but does no damage. Grinder gestures at you.
You suddenly lose the ability to move!
Grinder hits you!
You writhe in agony.
* * * LOW HITPOINT WARNING * * *
You can move again.
You closely miss Grinder. Grinder hits you!
* * * LOW HITPOINT WARNING * * *
You writhe in agony.
* * * LOW HITPOINT WARNING * * *
Grinder rolls her eyes.
Grinder closely misses you.
Items here: )) = ÷ a +0 club; an uncursed ring of magical power; a cursed -3 club; an orc skeleton Grinder gestures at you.
Pain shoots through your body!
* * * LOW HITPOINT WARNING * * *
There is a stone staircase leading up here.
Grinder gestures at you.
You suddenly lose the ability to move!
Grinder gestures at you. Pain shoots through your body!
You die...

#########.######
........#.####
#...........#
#.####o#.##.# #.
#.#.# # #. #.#.#
#. #.#.#
#.####.#.#
##..@#..#.#
##...5).##.#
#......[##.#
#..........#
#.......##.#
..........## #
######.(.##
#.... #....#


You could see Grinder.

Vanquished Creatures
  3 adders (D:2)
  An ooze (D:2)
  4 worms
  3 dart slugs
  A leopard gecko (D:1)
  4 orcs (D:3)
  5 bats
  2 giant cockroaches (D:2)
  3 goblins
  7 hobgoblins
  2 jackals (D:1)
  3 kobolds
  2 frilled lizards (D:2)
  6 rats
46 creatures vanquished.

Notes
Turn   | Place    | Note
-------+----------+-------------------------------------------
     0 | D:1      | vurker the Hill Orc Fighter began the quest for the Orb.
     0 | D:1      | Reached XP level 1. HP: 19/19 MP: 1/1
   135 | D:1      | Reached XP level 2. HP: 24/27 MP: 2/2
   548 | D:1      | Reached XP level 3. HP: 33/33 MP: 3/3
   969 | D:2      | Reached XP level 4. HP: 29/40 MP: 4/4
  1549 | D:3      | Noticed Grinder
  1585 | D:3      | Paralysed by Grinder for 2 turns
  1600 | D:3      | Paralysed by Grinder for 2 turns
  1606 | D:3      | Paralysed by Grinder for 4 turns
  1608 | D:3      | Killed from afar by Grinder

Levels and vault maps discovered:
D:1:      noname_arrival_rooms_in_the_neighbourhood, layout_loops_ring,
          corexii_corridor_pit
D:2:      layout_loops_ring
D:3:      layout_loops_ring, first_ration, chequers_decorated_corner,
          uniq_terence, uniq_natasha, uniq_grinder

Skill      XL: |  1  2  3  4 |
---------------+-------------+-----
Axes           | 3 4 |  4.9
Fighting       | 4 |  4.4
Armour         | 4 |  4.0
Shields        | |  3.2

Action                   |  1- 3 |  4- 6 || total
-------------------------+-------+-------++-------
Melee: War axe           |    82 |    74 ||   156
  Eat: Chunk             |       |     2 ||     2
Armor: Scale mail        |    29 |    22 ||    51
Dodge: Dodged            |    22 |    18 ||    40
Block: Shield            |    44 |    32 ||    76

Table legend:
 A = Non-vault XP
 B = Vault XP
 C = Vault XP percentage of total XP
 D = Non-vault monster count
 E = Vault monster count
 F = Vault count percentage of total count
                 A         B        C        D         E       F
            +---------+---------+-------+---------+---------+-------
      Total |     142 |       0 |   0.0 |      46 |       0 |   0.0
            +---------+---------+-------+---------+---------+-------
        D:1 |      36 |       0 |   0.0 |      19 |       0 |   0.0
        D:2 |      85 |       0 |   0.0 |      20 |       0 |   0.0
        D:3 |      21 |       0 |   0.0 |       7 |       0 |   0.0
            +---------+---------+-------+---------+---------+-------
